 Dungeon Crawl Stone Soup version 0.31.0-4-g52a2dc7128 (webtiles) character file.

Game seed: 10788053587583949476

4060 browni3141 the Grappler (level 10, -2/98 HPs)
             Began as a Troll Enchanter on Jan 23, 2024.
             Was a Priest of the Shining One.
             Slain by a skeletal warrior
             ... wielding a +0 glaive
              (7 damage)
             ... on level 9 of the Dungeon.
             The game lasted 00:09:20 (6696 turns).

browni3141 the Grappler (Troll Enchanter)           Turns: 6696, Time: 00:09:20

Health: -2/98      AC: 10    Str: 22    XL:     10   Next: 4%
Magic:  4/12       EV:  9    Int: 11    God:    the Shining One [***...]
Gold:   239        SH:  8    Dex: 10    Spells: 11/11 levels left

rFire   . .          .
                       - Unarmed
rCold   . . .        (no shield)
rNeg    + . .        z - +0 steam dragon scales
rPois   .            (helmet restricted)
rElec   .            Z - +2 cloak
rCorr   .            (gloves unavailable)
SInv    .            (boots unavailable)
Will    ++...        (no amulet)
Stlth   +            Q - ring of willpower
HPRegen 1.16/turn    R - ring of willpower
MPRegen 0.13/turn

%: no passive effects
@: divinely shielded, glowing
A: large, unfitting armour, claws 3, regeneration 1, shaggy fur 1, tough skin 1
a: Renounce Religion, Divine Shield, Cleansing Flame


You were on level 9 of the Dungeon.
You worshipped the Shining One.
The Shining One was most pleased with you.
You visited 2 branches of the dungeon, and saw 10 of its levels.

You collected 476 gold pieces.
You spent 237 gold pieces at shops.

Inventory:

Hand Weapons
 F - a +0 flail of protection
 I - a -2 executioner's axe of electrocution
Missiles
 E - 5 javelins
 G - 2 curare-tipped darts
 J - 8 poisoned darts
 T - 6 boomerangs (quivered)
Armour
 b - a +0 robe
 z - +0 steam dragon scales (worn)
 C - the -2 cloak of Optimism {rC- rN++ rCorr Dex+2}
   (You bought it in a shop on level 7 of the Dungeon)

   Dex+2:     It affects your dexterity (+2).
   rC-:       It makes you vulnerable to cold.
   rN++:      It greatly protects you from negative energy.
   rCorr:     It protects you from acid and corrosion.
 Z - a +2 cloak (worn)
Jewellery
 y - a +6 ring of intelligence
 K - a ring of fire
 Q - a ring of willpower (left claw)
 R - a ring of willpower (right claw)
Wands
 A - a wand of acid (6)
 H - a wand of digging (8)
 V - a wand of flame (22)
Scrolls
 j - 2 scrolls of noise {unknown}
 k - 10 scrolls of identify {unknown}
 o - 2 scrolls of vulnerability {unknown}
 p - a scroll of revelation {unknown}
 M - 2 scrolls of enchant weapon {unknown}
 O - 3 scrolls of enchant armour {unknown}
 P - 2 scrolls of teleportation {unknown}
 W - a scroll of brand weapon {unknown}
 Y - 3 scrolls of blinking {unknown}
Potions
 i - 2 potions of invisibility
 l - a potion of ambrosia {unknown}
 m - 2 potions of magic {unknown}
 n - 3 potions of brilliance {unknown}
 q - a potion of degeneration {unknown}
 r - a potion of cancellation {unknown}
 B - a potion of berserk rage {unknown}
 D - a potion of haste {unknown}
 L - 2 potions of mutation {unknown}
 N - a potion of heal wounds {unknown}
 S - a potion of enlightenment {unknown}
 U - 2 potions of curing {unknown}
 X - 3 potions of lignification {unknown}


   Skills:
 * Level 5.8 Fighting
 - Level 0.7 Short Blades
 * Level 6.4 Throwing
 - Level 1.5 Dodging
 - Level 1.5 Stealth
 * Level 8.3 Unarmed Combat
 - Level 1.2 Spellcasting
 - Level 2.0 Hexes
 * Level 5.0 Invocations
 * Level 1.5 Evocations


You had 11 spell levels left.
You didn't know any spells.
Your spell library contained the following spells:

 Spells                   Type           Power      Damage    Failure   Level
 Shock                    Conj/Air       0%         1d3       32%         1
 Ensorcelled Hibernation  Hex/Ice        4%         N/A       32%         2
 Confusing Touch          Hex            5%         N/A       38%         3
 Tukima's Dance           Hex            5%         N/A       38%         3
 Dazzling Flash           Conj/Hex       4%         N/A       54%         3
 Passwall                 Erth           0%         N/A       67%         3
 Swiftness                Air            0%         N/A       67%         3
 Cause Fear               Hex            2%         N/A       80%         4
 Anguish                  Hex/Necr       1%         N/A       91%         4
 Airstrike                Air            0%         2d(0-16)  97%         4
 Enfeeble                 Hex            2%         N/A       100%        7


Dungeon Overview and Level Annotations

Branches:
Dungeon (9/15)             Temple (1/1) D:7
   Lair: D:8-11         Orc: D:9-12

Altars:
Ashenzari
Dithmenos
Fedhas
Hepliaklqana
Kikubaaqudgha
Makhleb
Nemelex Xobeh
Okawaru
Qazlal
Ru
Sif Muna
Vehumet
Wu Jian
Xom
Yredelemnul
Zin
The Shining One

Shops:
D:3 *   D:5 :(=:   D:6 :   D:7 [


Innate Abilities, Weirdness & Mutations

You are too large for most types of armour.
You have claws for hands.
Your natural rate of healing is unusually fast.
You are covered in fur. (AC +1)
You have tough skin. (AC +1)


Message History

Your Invocations skill increases to level 5!
You are too injured to fight recklessly!
You are too injured to fight recklessly!
You are too injured to fight recklessly!
You barely miss the kobold.
You feel sick. The kobold hits you with a +0 dagger.
The kobold hits you but does no damage.
You scratch the kobold but do no damage.
You feel sick. The kobold barely misses you.
The kobold hits you but does no damage. x2; The kobold barely misses you.
You claw the kobold!
You kill the kobold!
You feel sick.
You are no longer poisoned.
The kobold barely misses you. The kobold closely misses you.
You barely miss the kobold. The kobold barely misses you.
The kobold closely misses you.
You scratch the kobold. You claw the kobold.
You kill the kobold!
The kobold barely misses you. The kobold completely misses you.
You mangle the kobold!!
You kill the kobold!
The kobold hits you but does no damage. x2
The kobold hits you with a +0 dagger.
Items here: ( ))) †.
You mangle the kobold!!
You kill the kobold!
You feel yourself speed up.
Things that are here:
a +0 dagger; 4 stones; a kobold corpse
G - 2 curare-tipped darts (gained 1)
Items here: ))) †.
You now have 232 gold pieces (gained 11).
Things that are here:
a +0 dagger; a +0 short sword; a kobold corpse
Found a stone staircase leading up.
y - a +6 ring of intelligence
Found a stone staircase leading down.
P - 2 scrolls labelled ZUGEC OSEATO (gained 1)
You see here a +0 ring mail.
There is a stone staircase leading up here.
You now have 239 gold pieces (gained 7).
A skeletal warrior comes into view. It is wielding a +0 glaive.
A skeletal warrior is nearby!
A skeletal warrior is nearby!
Okay, then.
The skeletal warrior hits you with a +0 glaive!
A divine shield forms around you!
The skeletal warrior hits you with a +0 glaive!!
Activating: Cleansing Flame (43% risk of failure)
Press: ? - help, Dir - look around, f - activate The golden flame engulfs you but does no damage.
You resist.
The golden flame engulfs the skeletal warrior!!
The skeletal warrior writhes in agony!
The skeletal warrior is moderately damaged.
You hear an angry buzzing noise.
You hear a bellow!
You hear an angry hiss.
You hear a bellow!
You hear a roar!
You hear a croak.
You hear a howl!
The skeletal warrior hits you with a +0 glaive!
You don't have enough magic at the moment.
Unknown command.
You claw the skeletal warrior!
The skeletal warrior is heavily damaged.
A killer bee comes into view.
A manticore comes into view.
The skeletal warrior hits you with a +0 glaive!
* * * LOW HITPOINT WARNING * * *
Unknown command.
Unknown command.
Aiming: Corrosive Bolt
Press: ? - help, Shift-Dir - straight line, f - manticore
Aim: a manticore (haloed, 88% to hit)
The bolt of acid hits the skeletal warrior!
The acid corrodes the skeletal warrior!
The skeletal warrior is severely damaged.
The bolt of acid hits the manticore!
The manticore is lightly wounded.
You hear a bellow!
The skeletal warrior hits you with a +0 glaive!!
* * * LOW HITPOINT WARNING * * *
You hear a bellow!
Aiming: Corrosive Bolt
Press: ? - help, Shift-Dir - straight line, f - killer bee
Aim: a killer bee (haloed, 61% to hit)
The bolt of acid hits the skeletal warrior!
The skeletal warrior seems to be corroded for longer.
The skeletal warrior is severely damaged.
The bolt of acid hits the killer bee!
The acid corrodes the killer bee!
You kill the killer bee!
The skeletal warrior hits you with a +0 glaive!!
* * * LOW HITPOINT WARNING * * *
Aiming: Corrosive Bolt
Press: ? - help, Shift-Dir - straight line, f - manticore
Aim: a manticore (lightly wounded, haloed, 88% to hit)
The bolt of acid hits the skeletal warrior!
The skeletal warrior seems to be corroded for longer.
The skeletal warrior is almost destroyed.
The bolt of acid hits the manticore!
The acid corrodes the manticore!
The manticore is heavily wounded.
You hear a croak.
The skeletal warrior hits you with a +0 glaive!
You die...

...###....#
..)##.....# #
...)).#...#. #.
..))####...# #.
....# #...# ## #.#
.# ....## #...#
.##.. #!# .....#
#...# .. .#.)#
...<.#
#...###.##z..#
#....###...##.##@#
#......#...##.#.##
#....#....#..#...#
#....##...#..#..#.#
####..#...#.##.#...#
...#...##.##...##
##....#.#. ###..
#...##.#. ### ##..#
#.#


You could see a skeletal warrior (corroded).

Vanquished Creatures
  Maggie (D:8)
  An acid dragon (D:9)
  4 black bears
  An ice beast (D:5)
  2 sky beasts
  An ogre (D:6)
  A centaur (D:9)
  3 phantoms
  3 bullfrogs
  3 kobold brigands
  2 scorpions
  17 wights
  A killer bee (D:9)
  An electric eel (D:9)
  A crimson imp (D:7)
  7 orc priests
  3 hounds
  A bombardier beetle (D:3)
  2 gnoll boudas
  Jessica (D:3)
  A sleepcap (D:6)
  10 orc wizards
  4 iguanas
  Robin (D:2)
  16 gnolls
  6 adders
  A white imp (D:6)
  2 ufetubi (D:7)
  27 orcs
  8 bats
  8 endoplasms
  4 giant cockroaches
  13 goblins
  14 hobgoblins
  3 quokkas
  7 ball pythons
  2 frilled lizards
  23 kobolds
  8 rats
214 creatures vanquished.

Notes
Turn   | Place    | Note
-------+----------+-------------------------------------------
     0 | D:1      | browni3141 the Troll Enchanter began the quest for the Orb.
     0 | D:1      | Reached XP level 1. HP: 16/16 MP: 1/1
    81 | D:1      | Reached skill level 1 in Unarmed Combat
   107 | D:1      | Reached XP level 2. HP: 23/25 MP: 2/2
   221 | D:1      | Reached skill level 2 in Unarmed Combat
   353 | D:1      | Reached XP level 3. HP: 27/33 MP: 3/3
   480 | D:2      | Noticed Robin
   547 | D:2      | Killed Robin
   700 | D:2      | Reached skill level 3 in Unarmed Combat
   700 | D:2      | Reached XP level 4. HP: 41/41 MP: 4/4
   903 | D:2      | Noticed a black bear
   913 | D:2      | Killed a black bear
   914 | D:2      | Reached skill level 4 in Unarmed Combat
   914 | D:2      | Reached XP level 5. HP: 29/49 MP: 5/5
  1358 | D:3      | Found Jeekh's General Store.
  1420 | D:3      | Found a radiant altar of Vehumet.
  1617 | D:3      | Noticed Jessica
  1627 | D:3      | Killed Jessica
  1654 | D:3      | Found a glowing golden altar of the Shining One.
  1688 | D:3      | Found a shimmering blue altar of Sif Muna.
  1902 | D:4      | Reached XP level 6. HP: 47/59 MP: 6/6
  1970 | D:3      | Became a worshipper of the Shining One
  2494 | D:4      | Found an ornate altar of the Wu Jian Council.
  2521 | D:5      | Entered Level 5 of the Dungeon
  2563 | D:5      | Found Tuulluh's Book Boutique.
  2841 | D:5      | Found Rous's Antique Weapon Emporium.
  2881 | D:5      | Found Qaogoyts's Jewellery Shoppe.
  2897 | D:5      | Reached skill level 5 in Unarmed Combat
  2902 | D:5      | Reached XP level 7. HP: 61/66 MP: 7/7
  2925 | D:5      | Reached skill level 3 in Fighting
  2930 | D:5      | Reached * piety under the Shining One
  2938 | D:5      | Reached skill level 3 in Throwing
  3097 | D:5      | Found Ixaimp's Book Shoppe.
  3118 | D:5      | Reached skill level 6 in Unarmed Combat
  3710 | D:6      | Reached XP level 8. HP: 39/76 MP: 8/8
  3745 | D:6      | Found Ositovem's Tiny Tomes.
  4039 | D:6      | Found a sacrificial altar of Ru.
  4361 | D:6      | Found a shadowy altar of Dithmenos.
  4366 | D:6      | Reached skill level 7 in Unarmed Combat
  4594 | D:7      | Reached skill level 3 in Invocations
  4703 | D:7      | Reached XP level 9. HP: 22/85 MP: 10/10
  4887 | D:7      | Found a burning altar of Makhleb.
  4979 | D:7      | Found a staircase to the Ecumenical Temple.
  5081 | D:7      | Found Xuteyf's Antique Armour Shop.
  5084 | D:7      | Bought a faintly glowing cloak for 237 gold pieces
  5084 | D:7      | Identified the -2 cloak of Optimism {rC- rN++ rCorr Dex+2}
                  | (You bought it in a shop on level 7 of the Dungeon)
  5541 | Temple   | Entered the Ecumenical Temple
  5660 | D:8      | Reached ** piety under the Shining One
  5877 | D:8      | Noticed Maggie
  5887 | D:8      | Killed Maggie
  5888 | D:8      | Reached skill level 6 in Throwing
  5965 | D:8      | Reached skill level 8 in Unarmed Combat
  6480 | D:9      | Reached *** piety under the Shining One
  6506 | D:9      | Found a shimmering altar of Xom.
  6575 | D:9      | Reached XP level 10. HP: 74/98 MP: 12/12
  6688 | D:9      | Noticed a skeletal warrior
  6693 | D:9      | Noticed a manticore
  6695 | D:9      | HP: 4/98 [skeletal warrior/+0 glaive (25)]
  6696 | D:9      | Slain by a skeletal warrior

Illustrated notes

Levels and vault maps discovered:
D:1:      dpeg_arrival_rhombi, layout_rooms
D:2:      layout_loops_ring, lightli_corner_chamber, uniq_robin
D:3:      layout_basic, marbit_many_paths, overflow_temple_1_default,
          mainiacjoe_overflow_surrounded_room, serial_shops, shop,
          minmay_misc_feat_hallway, uniq_jessica
D:4:      layout_basic, mainiacjoe_overflow_alcove_2
D:5:      layout_basic, serial_shops, nicolae_shop_waterfront,
          nicolae_shop_hallway_plus, shop, shop
D:6:      old_forge, layout_loops_ring, grunt_dithmenos_shadows,
          hangedman_ru_absence, nicolae_shop_i_like_small_books_too
D:7:      layout_basic, makhleb_grotto_becter,
          minmay_temple_entry_gardened_gates, serial_shops, shop,
          hangedman_decor_slide_cut, kennysheep_nub
D:8:      layout_basic, uniq_maggie
D:9:      minmay_ornate_pinched, layout_basic, lemuel_crystal_altar,
          mainiacjoe_overflow_alcove_4, cheibriados_altar_1,
          minmay_overflow_temple_star_quad, lair_entry_dummy, orc_0_dummy,
          lightli_minifort
Temple:   hellmonk_temple_beads

Skill      XL: |  1  2  3  4  5  6  7  8  9 10 |
---------------+-------------------------------+-----
Unarmed Combat | 1 2 3 4 5 6 7 8 |  8.3
Fighting       | 1 2 3 4 5 |  5.8
Throwing       | 1 2 4 5 6 |  6.4
Invocations    | 3 4 5 |  5.0
Evocations     | 1 |  1.5
Short Blades   | |  0.7
Dodging        | |  1.5
Stealth        | |  1.5
Spellcasting   | |  1.2
Hexes          | |  2.0

Action                     |  1- 3 |  4- 6 |  7- 9 | 10-12 || total
---------------------------+-------+-------+-------+-------++-------
  Melee: Unarmed           |   119 |   154 |   303 |    10 ||   586
         Punch             |     4 |     3 |    14 |     1 ||    22
  Throw: Dart              |       |       |    10 |       ||    10
         Boomerang         |       |       |     7 |     5 ||    12
 Invoke: Divine Shield     |       |       |     2 |     1 ||     3
         Cleansing Flame   |       |       |       |     1 ||     1
  Evoke: Wand              |       |       |     1 |     3 ||     4
   Stab: Sleeping          |     2 |     3 |       |       ||     5
 Armour: Robe              |   103 |    88 |   168 |       ||   359
         Steam dragon scal |       |       |    53 |    20 ||    73
  Dodge: Dodged            |    55 |    56 |   128 |    12 ||   251
  Block: Other             |       |       |     3 |       ||     3
